 Dungeon Crawl Stone Soup version 0.30.1-11-g7821555f0a (webtiles) character file.

Game seed: 12058990995812025458

1558 Wiggles the Cleaver (level 8, -2/71 HPs)
             Began as a Minotaur Berserker on Nov 30, 2023.
             Was an Elder of Trog.
             Slain by an orc warrior
             ... wielding a +0 war axe
              (6 damage)
             ... on level 6 of the Dungeon.
             The game lasted 00:05:38 (3901 turns).

Wiggles the Cleaver (Minotaur Berserker)            Turns: 3901, Time: 00:05:38

Health: -2/71      AC: 10    Str: 24    XL:     8   Next: 58%
Magic:  7/7        EV: 10    Int:  6    God:    Trog [****..]
Gold:   189        SH:  0    Dex: 10    Spells: 7/7 levels left

rFire   x . .        y - +8 hand axe "Girukhle" {venom, rPois rF- Int+2}
rCold   . . .        (no shield)
rNeg    . . .        u - +0 chain mail
rPois   +            (helmet restricted)
rElec   .            (no cloak)
rCorr   +            (no gloves)
SInv    .            (no boots)
Will    .....        s - amulet of regeneration Stlth
                     q - ring of resist corrosion
HPRegen 1.11/turn    (no ring)
MPRegen 0.10/turn

%: no passive effects
@: on berserk cooldown, slowed, very slow
A: horns 2, retaliatory headbutt
a: Renounce Religion, Berserk, Trog's Hand, Brothers in Arms


You were on level 6 of the Dungeon.
You worshipped Trog.
Trog was greatly pleased with you.
You visited 1 branch of the dungeon, and saw 6 of its levels.

You collected 189 gold pieces.

Inventory:

Hand Weapons
 d - a +2 heavy hand axe
 y - the +8 hand axe "Girukhle" (weapon) {venom, rPois rF- Int+2}
   (You found it on level 5 of the Dungeon)

   Int:       It affects your intelligence (+2).
   rF:        It makes you vulnerable to fire.
   rPois:     It protects you from poison.
Missiles
 l - 3 throwing nets (quivered)
Armour
 u - a +0 chain mail (worn)
Jewellery
 q - a ring of resist corrosion (left hand)
 s - an amulet of regeneration (around neck)
 w - a ring of magical power
Wands
 t - a wand of polymorph (7)
Scrolls
 b - a scroll of fear {unknown}
 c - a scroll of vulnerability {unknown}
 g - 2 scrolls of brand weapon {unknown}
 h - 6 scrolls of teleportation {unknown}
 j - a scroll of summoning {unknown}
 k - 2 scrolls of enchant weapon {unknown}
 m - 4 scrolls of enchant armour {unknown}
 n - 4 scrolls of fog {unknown}
 o - a scroll of silence {unknown}
 p - 5 scrolls of identify {unknown}
 v - a scroll of immolation {unknown}
Potions
 a - a potion of curing {unknown}
 e - a potion of brilliance
 f - a potion of might
 i - a potion of degeneration {unknown}
 r - a potion of berserk rage {unknown}
 x - a potion of invisibility {unknown}


   Skills:
 + Level 6.7 Fighting
 + Level 9.2 Axes
 + Level 6.5 Armour
 + Level 4.6 Dodging
 + Level 1.5 Stealth


You had 7 spell levels left.
You didn't know any spells.
Your spell library was empty.

Dungeon Overview and Level Annotations

Branches:
Dungeon (6/15)             Temple (0/1) D:5

Altars:
Ashenzari
Elyvilon

Annotations:
D:6 Dowan


Innate Abilities, Weirdness & Mutations

You have a pair of horns on your head.
You reflexively headbutt those who attack you in melee.


Message History

You can now call in reinforcements.
Dowan gestures wildly while chanting.
Dowan blinks!
You slash Dowan!
Dowan is poisoned.
Your headbutt misses Dowan.
Dowan is heavily wounded.
Dowan hits you but does no damage.
Dowan mumbles some strange words.
Dowan blinks!
Unknown command.
Dowan gestures at you while chanting. The shard of ice hits you!!
Dowan hits you but does no damage. Dowan barely misses you.
Dowan mumbles some strange words.
Dowan blinks!
The orc warrior barely misses you. The orc closely misses you.
Dowan points at you and mumbles some strange words.
The stone arrow misses you. The orc attacks as you move away!
The orc misses you.
The orc warrior hits you with a +0 war axe.
* * * LOW HITPOINT WARNING * * *
Dowan gestures wildly while chanting.
Dowan blinks!
You hit the orc. Your headbutt misses the orc.
The orc is heavily wounded.
You closely miss the orc warrior.
The orc warrior hits you with a +0 war axe!
* * * LOW HITPOINT WARNING * * *
The orc barely misses you.
You hit the orc.
You kill the orc!
Trog accepts your kill.
You hit the orc warrior but do no damage.
The orc warrior is poisoned.
Dowan casts a spell at you. The stone arrow misses you.
The orc warrior hits you with a +0 war axe!
* * * LOW HITPOINT WARNING * * *
Dowan shakes with grief.
The orc warrior hits you with a +0 war axe.
You die...

..# #######
#.....<#@)ยง..##
#........o....#
#..............#
#....e.........#
#.$............#
#..............#
#######)...).........#
.##...<.)).>...........#
.....?..#))...........##


You could see an orc warrior (very poisoned) and Dowan (fast, poisoned).

Vanquished Creatures
  Sigmund (D:2)
  Eustachio (D:5)
  Duvessa (D:6)
  A black bear (D:5)
  An orc warrior (D:6)
  An ogre (D:4)
  2 centaurs (D:5)
  2 phantoms
  A howler monkey (D:4)
  3 hounds (D:5)
  Natasha (thrice) (D:2)
  3 iguanas
  3 orc wizards (D:6)
  Robin (D:4)
  4 adders
  7 gnolls
  A white imp (D:5)
  2 dart slugs
  12 orcs
  2 bats
  14 endoplasms
  3 giant cockroaches
  14 goblins
  10 hobgoblins
  6 jackals
  6 quokkas
  6 ball pythons
  2 frilled lizards
  4 kobolds
  4 rats
121 creatures vanquished.

Notes
Turn   | Place    | Note
-------+----------+-------------------------------------------
     0 | D:1      | Wiggles the Minotaur Berserker began the quest for the Orb.
     0 | D:1      | Reached XP level 1. HP: 19/19 MP: 0/0
   203 | D:1      | Reached skill level 4 in Axes
   205 | D:1      | Reached XP level 2. HP: 25/27 MP: 1/1
   369 | D:1      | Reached ** piety under Trog
   442 | D:1      | Reached XP level 3. HP: 33/33 MP: 2/2
   939 | D:2      | Noticed Sigmund
   947 | D:2      | Killed Sigmund
   948 | D:2      | Reached skill level 5 in Axes
   948 | D:2      | Reached XP level 4. HP: 27/41 MP: 3/3
   948 | D:2      | Reached XP level 5. HP: 31/47 MP: 4/4
  1014 | D:2      | Reached skill level 6 in Axes
  1014 | D:2      | Noticed Natasha
  1020 | D:2      | Killed Natasha
  1058 | D:2      | Noticed Natasha
  1062 | D:2      | Killed Natasha
  1063 | D:2      | Reached skill level 5 in Fighting
  1063 | D:2      | Reached XP level 6. HP: 56/56 MP: 5/5
  1259 | D:2      | You fall into a shaft and drop 1 floor!
  1265 | D:3      | Found a broken altar of Ashenzari.
  1314 | D:3      | Found a white marble altar of Elyvilon.
  1483 | D:3      | HP: 2/56 [poisoned by an adder]
  2261 | D:2      | Noticed Natasha
  2267 | D:2      | Killed Natasha
  2658 | D:4      | Reached *** piety under Trog
  2819 | D:4      | Noticed Robin
  2832 | D:4      | Reached XP level 7. HP: 51/61 MP: 6/6
  2833 | D:4      | Reached skill level 7 in Axes
  2838 | D:4      | Killed Robin
  3271 | D:5      | Entered Level 5 of the Dungeon
  3292 | D:5      | Reached skill level 5 in Armour
  3292 | D:5      | Reached skill level 1 in Stealth
  3323 | D:5      | Found a staircase to the Ecumenical Temple.
  3580 | D:5      | Reached skill level 8 in Axes
  3580 | D:5      | Reached XP level 8. HP: 64/70 MP: 7/7
  3603 | D:5      | Identified the +8 hand axe "Girukhle" {venom, rPois rF-
                  | Int+2}
  3608 | D:5      | Noticed Eustachio
  3616 | D:5      | Killed Eustachio
  3866 | D:6      | Noticed Duvessa
  3874 | D:6      | Noticed Dowan
  3880 | D:6      | Killed Duvessa
  3886 | D:6      | Reached skill level 9 in Axes
  3893 | D:6      | Reached **** piety under Trog
  3901 | D:6      | Slain by an orc warrior

Illustrated notes

Levels and vault maps discovered:
D:1:      saegor_arrival_simple_d, layout_loops_ring, minivault_24
D:2:      layout_basic, uniq_sigmund, uniq_natasha
D:3:      layout_rooms, general_overflow_altar, nicolae_elyvilon_temple_path,
          gup_sewer_entry_bowl, kennysheep_generic_room_14
D:4:      layout_loops_ring, uniq_robin
D:5:      layout_loops_cross, minmay_temple_entry_gardened_gates, uniq_eustachio
D:6:      minmay_recursive_quarters, layout_rooms, minitemple, uniq_duvessa

Skill      XL: |  1  2  3  4  5  6  7  8 |
---------------+-------------------------+-----
Axes           | 4 5 6 8 9 |  9.2
Fighting       | 4 5 6 |  6.7
Armour         | 3 4 5 6 |  6.5
Dodging        | 3 4 |  4.6
Stealth        | 1 |  1.5

Action                     |  1- 3 |  4- 6 |  7- 9 || total
---------------------------+-------+-------+-------++-------
  Melee: Hand axe          |    34 |    76 |    75 ||   185
         Headbutt          |     5 |     6 |     9 ||    20
         Punch             |       |     1 |       ||     1
 Invoke: Berserk           |     1 |     1 |     1 ||     3
    Use: Potion            |       |     2 |       ||     2
 Armour: Animal skin       |     4 |       |       ||     4
         Ring mail         |       |    22 |       ||    22
         Scale mail        |       |     8 |     6 ||    14
         Chain mail        |       |       |    35 ||    35
  Dodge: Dodged            |    36 |    65 |    46 ||   147
